Description

Test v1.0

Build Order

Get SALT Encoding   

  13  0:12  Overlord  
  15  0:38  Spawning Pool  
  17  0:52  Extractor  
  21  1:30  Zergling  
  21  1:32  Queen  
  21  1:35  Roach Warren  
  21  1:38  Zergling  
  21  1:40  Overlord  
  21  2:05  Hatchery  
  24  2:20  Roach  
  26  2:30  Overlord  
  28  2:40  Roach x4  
  34  3:00  Roach x3, Overlord  
  46  3:40  Action, Zergling x10, Overlord  
Spawning Tool Build Advisor. Get it on Overwolf

Go to:

Details

  • Created by: Dr-Gonzo
  • Published on: Sep 28, 2025
  • Modified on: Sep 28, 2025
  • Patch: 5.0.11
  • Difficulty: Medium
Show
View Real Time Build Order
Export as new Build Order

Comments (0)

There are no comments. Be the first!

Create an account to comment!